 Dungeon Crawl Stone Soup version 0.29-a0-723-gce39da1c22 (console) character file.

Game seed: 9147696086073518054

420 jejorda2 the Slasher (level 6, -10/51 HPs)
             Began as a Merfolk Berserker on June 28, 2022.
             Was a Believer of Trog.
             Mangled by a yak (14 damage)
             ... on level 4 of the Dungeon.
             The game lasted 00:05:44 (3081 turns).

jejorda2 the Slasher (Merfolk Berserker)            Turns: 3081, Time: 00:05:44

Health: -10/51     AC:  7    Str: 17    XL:     6   Next: 94%
Magic:  6/6        EV: 11    Int:  7    God:    Trog [**....]
Gold:   250        SH:  0    Dex: 15    Spells: 5/5 levels left

rFire   . . .      SeeInvis .   a - +0 falchion (venom)
rCold   . . .      Faith    .   (no shield)
rNeg    . . .      Spirit   .   j - +0 ring mail
rPois   +          Reflect  .   r - +0 helmet
rElec   .          Harm     .   m - +0 cloak
rCorr   .          Rampage  .   (no gloves)
Will    .....                   (no boots)
Stlth   +.........              (no amulet)
HPRegen 0.17/turn               y - ring of poison resistance
MPRegen 0.10/turn               (no ring)

@: on berserk cooldown, slowed, very slow
A: (nimble swimmer 2), mertail
a: Renounce Religion, Berserk, Trog's Hand


You were on level 4 of the Dungeon.
You worshipped Trog.
Trog was pleased with you.
You visited 1 branch of the dungeon, and saw 4 of its levels.

You collected 250 gold pieces.

Inventory:

Hand Weapons
 a - a +0 falchion of venom (weapon)
 u - a +1 dagger of venom
Missiles
 b - 23 stones (quivered)
 q - 2 poisoned darts
Armour
 j - a +0 ring mail (worn)
 m - a +0 cloak (worn)
 r - a +0 helmet (worn)
Jewellery
 t - an amulet of reflection
 y - a ring of poison resistance (left hand)
Wands
 w - a wand of flame (22)
Scrolls
 e - 2 scrolls of silence {unknown}
 f - a scroll of vulnerability {unknown}
 h - a scroll of amnesia {unknown}
 i - 4 scrolls of identify {unknown}
 k - a scroll of immolation {unknown}
 n - a scroll of teleportation {unknown}
 p - 2 scrolls of magic mapping {unknown}
 s - 2 scrolls of fog {unknown}
 x - a scroll of blinking {unknown}
Potions
 c - a potion of curing
 g - 2 potions of lignification {unknown}
 l - a potion of attraction {unknown}
 o - a potion of flight {unknown}
 v - a potion of might {unknown}
 z - a potion of berserk rage {unknown}
 A - a potion of brilliance {unknown}


   Skills:
 + Level 5.0 Fighting
 * Level 6.9 Long Blades
 + Level 2.9 Armour
 - Level 2.6 Dodging


You had 5 spell levels left.
You didn't know any spells.
Your spell library was empty.

Dungeon Overview and Level Annotations

Branches:
Dungeon (4/15)
 Temple: D:4-7

Altars:
Elyvilon


Innate Abilities, Weirdness & Mutations

((You are very nimble when in or above water. (Stealth+, EV+, Speed+++)))
Your lower body shifts to a powerful aquatic tail in water.


Message History

The yak is severely wounded.
The yak gores you but does no damage.
You barely miss the yak.
The yak is severely wounded.
You barely miss the yak.
The yak is severely wounded.
The yak gores you but does no damage.
You slash the yak!
You kill the yak!
Trog accepts your kill.
Your Fighting skill increases to level 5!
The yak gores you.
You barely miss the yak. The yak gores you.
You hit the yak.
The yak is lightly wounded.
The yak gores you!
You slash the yak!
The yak is moderately wounded.
You slash the yak!
The yak is heavily wounded.
The yak gores you!
You slash the yak!
The yak is almost dead.
You are no longer berserk.
You are exhausted.
You feel yourself slow down.
You hit the yak but do no damage.
The yak is almost dead.
The yak gores you! x2
* * * LOW HITPOINT WARNING * * *
Okay, then.
It was a potion of curing.
You feel better. The yak gores you!
* * * LOW HITPOINT WARNING * * *
You hear a bellow!
As you read the scroll labelled APNINE XYGG, it crumbles to dust.
It is a scroll of brand weapon.
Your +0 falchion drips with poison.
a - a +0 falchion of venom (weapon)
The yak gores you!
You die...

### # .... #Y#######....
#YY@.........
#############......#
#...............#..#
#########......###...#..##
).##.......#.#.###.......#
#.##.####.................
.......##..#.#.#.....#...#
..........................
#.##.#.........#.#.......#


You could see 3 yaks.

Vanquished Creatures
  A yak (D:4)
  A lemure (D:4)
  A necrophage (D:3)
  A jelly (D:4)
  A hound (D:4)
  4 gnolls (D:2)
  7 adders
  A worm (D:3)
  A dart slug (D:3)
  6 endoplasms
  2 giant cockroaches
  7 goblins
  3 hobgoblins (D:2)
  4 jackals (D:4)
  8 kobolds
  A quokka (D:2)
  5 ball pythons
  2 bats (D:2)
  5 frilled lizards
  2 rats (D:2)
63 creatures vanquished.

Notes
Turn   | Place    | Note
-------+----------+-------------------------------------------
     0 | D:1      | jejorda2 the Merfolk Berserker began the quest for the Orb.
     0 | D:1      | Reached XP level 1. HP: 18/18 MP: 1/1
   214 | D:1      | Found a faded altar of an unknown god.
   418 | D:1      | Reached XP level 2. HP: 21/24 MP: 2/2
   605 | D:1      | Reached skill level 4 in Long Blades
  1100 | D:2      | Reached XP level 3. HP: 30/30 MP: 3/3
  1166 | D:2      | Reached XP level 4. HP: 32/37 MP: 4/4
  1167 | D:2      | Reached skill level 5 in Long Blades
  1437 | D:2      | You fall into a shaft and drop 1 floor!
  1445 | D:3      | Noticed a necrophage
  1464 | D:3      | Killed a necrophage
  1465 | D:3      | Reached XP level 5. HP: 42/42 MP: 5/5
  1565 | D:2      | Reached ** piety under Trog
  1966 | D:3      | Found a white marble altar of Elyvilon.
  2513 | D:4      | Noticed a lemure
  2534 | D:4      | Killed a lemure
  2726 | D:4      | Reached skill level 6 in Long Blades
  2726 | D:4      | Reached XP level 6. HP: 49/49 MP: 6/6
  3062 | D:4      | Noticed a yak
  3062 | D:4      | Noticed a yak
  3064 | D:4      | Noticed a yak
  3066 | D:4      | Noticed a yak
  3072 | D:4      | Killed a yak
  3073 | D:4      | Reached skill level 5 in Fighting
  3081 | D:4      | Mangled by a yak

Illustrated notes

Levels and vault maps discovered:
D:1:      evilmike_arrival_crescent, layout_loops_corners,
          shapermc_ecumenical_altar_pompeii
D:2:      layout_rooms, kennysheep_doodads,
          nicolae_concentric_dashed_squares_wild
D:3:      layout_basic, mainiacjoe_overflow_boulevard
D:4:      layout_basic, corexii_corridor_pit, grunt_ministairs_1,
          minmay_quadrilaterals, uniq_pikel

Skill      XL: |  1  2  3  4  5  6 |
---------------+-------------------+-----
Long Blades    | 4 5 6 |  6.9
Armour         | 2 |  2.9
Fighting       | 4 5 |  5.0
Dodging        | |  2.6

Action                   |  1- 3 |  4- 6 || total
-------------------------+-------+-------++-------
Melee: Falchion          |    64 |   150 ||   214
       Tailslap          |     1 |     1 ||     2
       Punch             |       |     1 ||     1
Throw: Stone             |     5 |     7 ||    12
Invok: Berserk           |     1 |     3 ||     4
  Use: Scroll            |       |     1 ||     1
       Potion            |       |     1 ||     1
Armor: Animal skin       |     1 |       ||     1
       Ring mail         |    21 |    53 ||    74
Dodge: Dodged            |    48 |    64 ||   112

Table legend: (Time is in decaauts)
 A = Elapsed time spent in this place.
 B = Non-inter-level travel time spent in this place.
 C = Inter-level travel time spent in this place.
 D = Time resting spent in this place.
 E = Time spent auto-exploring this place.
 F = Levels seen in this place.
 G = Mean time per level.
                   A        B        C        D        E       F      G
               +--------+--------+--------+--------+--------+-----+--------+
         Total |   3108 |   2958 |    150 |    482 |   1907 |   4 |  777.0 |
       Dungeon |   3108 |   2958 |    150 |    482 |   1907 |   4 |  777.0 |
               +--------+--------+--------+--------+--------+-----+--------+

Top non-repeatable levels by time:
     D:1: 1090 daAuts
     D:3: 877 daAuts
     D:2: 783 daAuts
     D:4: 357 daAuts
